 Dungeon Crawl Stone Soup version 0.31-a0-836-g3ceb0a68c4 (webtiles) character file.

Game seed: 7904306891042268672

170 demibob the Poker (level 5, -8/45 HPs)
             Began as a Draconian Chaos Knight on Sept 27, 2023.
             Was a Plaything of Xom.
             Mangled by a black mamba (shapeshifter) (14 damage)
             ... on level 3 of the Dungeon.
             The game lasted 00:03:04 (1538 turns).

demibob the Poker (Draconian Chaos Knight)          Turns: 1538, Time: 00:03:05

Health: -8/45      AC:  5    Str: 14    XL:     5   Next: 25%
Magic:  5/5        EV: 12    Int: 12    God:    Xom [......]
Gold:   108        SH:  0    Dex: 13    Spells: 4/4 levels left

rFire   . . .        a - +0 spear (chaos)
rCold   . . .        (no shield)
rNeg    . . .        (body armour unavailable)
rPois   .            (helmet restricted)
rElec   .            (no cloak)
rCorr   .            (no gloves)
SInv    .            (no boots)
Will    .....        (no amulet)
Stlth   +            (no ring)
HPRegen 0.27/turn    (no ring)
MPRegen 0.09/turn

%: no passive effects
@: hasted, very quick
A: AC +5, unfitting armour, cold-blooded
a: Renounce Religion


You were on level 3 of the Dungeon.
You worshipped Xom.
You were a very special plaything of Xom.
You visited 1 branch of the dungeon, and saw 3 of its levels.

You collected 108 gold pieces.


Innate Abilities, Weirdness & Mutations

Your plain brown scales are hard. (AC +5)
You cannot fit into any form of body armour.
You are cold-blooded and may be slowed by cold attacks.


   Skills:
 - Level 3.2 Fighting
 + Level 6.0 Polearms
 - Level 2.1 Dodging


You had 4 spell levels left.
You didn't know any spells.
Your spell library was empty.

Inventory:

Hand Weapons
 a - a +0 spear of chaos (weapon)
Wands
 h - a wand of polymorph (4)
Scrolls
 g - a scroll of vulnerability

Dungeon Overview and Level Annotations

Branches:
Dungeon (3/15)

Altars:

..# #.# ..#.# #.#
.b#.# #.. ....#
######## #.# .##.#
#bbb...# #.##.##.#
#@# #.# #.#†.##.#
#S####.###b#.###b#
#b##..........##.#
#.##.#..##..†.†...
#.#..$..##.##.###.
#...h...##........
###...#.#####.####
###.#.# #.# ##
#.#.. ... #.


You could see a black mamba.


Message History

Your butterfly disappears in a burst of colours!
The black bear is no longer charmed.
A rat comes into view.
You hit the rat. You freeze the rat.
You kill the rat!
Your butterfly disappears in a burst of colours! x2
Found a leather armour.
Found a stone staircase leading down.
You see here a +0 leather armour.
A black mamba comes into view.
There is a stone staircase leading down here.
Okay, then.
It was a potion of haste.
You feel yourself speed up.
You barely miss the black mamba.
You tail-slap the black mamba, but do no damage.
The black mamba is moderately wounded.
The black mamba bites you!
You hit the black mamba but do no damage.
The black mamba is lightly wounded.
The black mamba bites you!
* * * LOW HITPOINT WARNING * * *
You closely miss the black mamba.
The black mamba is lightly wounded.
The black mamba bites you!
* * * LOW HITPOINT WARNING * * *
You barely miss the black mamba.
The black mamba is lightly wounded.
Xom briefly touches your surroundings. The black mamba bites you!
You die...
Xom chortles!

Skill      XL: |  1  2  3  4  5 |
---------------+----------------+-----
Polearms       | 4 5 6 |  6.0
Fighting       | |  3.2
Dodging        | |  2.1

Action                     |  1- 3 |  4- 6 || total
---------------------------+-------+-------++-------
  Melee: Spear             |   131 |   104 ||   235
         Tailslap          |     9 |    11 ||    20
         Punch             |     1 |       ||     1
  Evoke: Wand              |       |     1 ||     1
    Use: Scroll            |     1 |     3 ||     4
         Potion            |       |     2 ||     2
   Stab: Petrified         |     2 |       ||     2
         Sleeping          |     1 |       ||     1
         Paralysed         |       |     1 ||     1
         Confused          |       |     1 ||     1
 Armour: Skin              |    66 |    53 ||   119
  Dodge: Dodged            |    85 |    86 ||   171

Levels and vault maps discovered:
D:1:      psy_arrival_conway, layout_basic, roderic_roman_lattice,
          minmay_tromino_v4_c
D:2:      cheibrodos_pilgrimage, layout_rooms, serial_park_tiny_2, minivault_14,
          uniq_jessica, uniq_natasha
D:3:      layout_loops_cross, minitemple,
          dreamdust_ecumenical_altar_sealed_demon, uniq_ijyb, uniq_grinder,
          uniq_crazy_yiuf_cottage

Notes
Turn   | Place    | Note
-------+----------+-------------------------------------------
     0 | D:1      | demibob the Draconian Chaos Knight began the quest for the
                  | Orb.
     0 | D:1      | Reached XP level 1. HP: 19/19 MP: 1/1
    59 | D:1      | Reached XP level 2. HP: 13/26 MP: 2/2
   331 | D:1      | XOM: silly message
   336 | D:1      | Reached skill level 4 in Polearms
   769 | D:1      | Reached XP level 3. HP: 28/31 MP: 3/3
   870 | D:2      | Noticed Jessica
   878 | D:2      | Killed Jessica
   920 | D:2      | XOM: 1-stop teleportation journey
   949 | D:2      | Noticed Natasha
   965 | D:2      | XOM: noise
   970 | D:2      | XOM: cast spell 'Summon Ice Beast'
   972 | D:2      | XOM: smoke on damage
   975 | D:2      | Killed Natasha
   976 | D:2      | Reached skill level 5 in Polearms
   976 | D:2      | Reached XP level 4. HP: 14/38 MP: 4/4
  1122 | D:2      | XOM: silly message
  1156 | D:2      | Noticed Natasha
  1158 | D:2      | XOM: potion effect (might)
  1161 | D:2      | XOM: potion effect (invisibility)
  1163 | D:2      | Killed Natasha
  1188 | D:2      | Noticed Natasha
  1196 | D:2      | Killed Natasha
  1197 | D:2      | Reached XP level 5. HP: 39/45 MP: 5/5
  1432 | D:3      | Reached skill level 6 in Polearms
  1475 | D:3      | a ball python changed into a shapeshifter
  1475 | D:3      | Noticed a shapeshifter (shapeshifter)
  1476 | D:3      | a shapeshifter changed into a yak
  1476 | D:3      | Noticed a yak (shapeshifter)
  1489 | D:3      | XOM: confusion (+ monsters)
  1494 | D:3      | a yak changed into a shapeshifter
  1494 | D:3      | Noticed a shapeshifter (shapeshifter)
  1496 | D:3      | a shapeshifter changed into a tarantella
  1496 | D:3      | Noticed a tarantella (shapeshifter)
  1502 | D:3      | XOM: destruction
  1504 | D:3      | XOM: blink monster(s)
  1505 | D:3      | a tarantella changed into a shapeshifter
  1505 | D:3      | Noticed a shapeshifter (shapeshifter)
  1505 | D:3      | a shapeshifter changed into a black bear
  1505 | D:3      | Noticed a black bear (shapeshifter)
  1510 | D:3      | XOM: enchant monster (good)
  1532 | D:3      | Noticed a black mamba
  1538 | D:3      | XOM: scenery: summon butterflies
  1538 | D:3      | Mangled by a black mamba (shapeshifter)

Vanquished Creatures
  Jessica (D:2)
  Natasha (thrice) (D:2)
  A dart slug (D:2)
  6 endoplasms
  3 giant cockroaches
  2 goblins
  2 hobgoblins (D:1)
  12 jackals
  3 quokkas
  A ball python (D:1)
  9 bats
  6 frilled lizards
  3 kobolds
  5 rats
57 creatures vanquished.

Vanquished Creatures (collateral kills)
  An adder (D:2)
1 creature vanquished.

Grand Total: 58 creatures vanquished

Table legend: (Time is in decaauts)
 A = Elapsed time spent in this place.
 B = Non-inter-level travel time spent in this place.
 C = Inter-level travel time spent in this place.
 D = Time resting spent in this place.
 E = Time spent auto-exploring this place.
 F = Levels seen in this place.
 G = Mean time per level.
                   A        B        C        D        E       F      G
               +--------+--------+--------+--------+--------+-----+--------+
         Total |   1515 |   1492 |     23 |     39 |   1041 |   3 |  505.0 |
       Dungeon |   1515 |   1492 |     23 |     39 |   1041 |   3 |  505.0 |
               +--------+--------+--------+--------+--------+-----+--------+

Top non-repeatable levels by time:
     D:1: 866 daAuts
     D:2: 532 daAuts
     D:3: 116 daAuts

Table legend:
 A = Non-vault XP
 B = Vault XP
 C = Vault XP percentage of total XP
 D = Non-vault monster count
 E = Vault monster count
 F = Vault count percentage of total count
                 A         B        C        D         E       F
            +---------+---------+-------+---------+---------+-------
      Total |     166 |      77 |  31.7 |      53 |       4 |   7.0
            +---------+---------+-------+---------+---------+-------
        D:1 |      37 |       4 |   9.8 |      24 |       2 |   7.7
        D:2 |     117 |      73 |  38.4 |      22 |       2 |   8.3
        D:3 |      12 |       0 |   0.0 |       7 |       0 |   0.0
            +---------+---------+-------+---------+---------+-------
